 Dungeon Crawl Stone Soup version 0.31-a0-145-g046c7d2549 (webtiles) character file.

Game seed: 9623207849995695314

171 Esekla the Covert (level 5, 20/37 HPs)
             Began as an Octopode Delver on June 6, 2023.
             Quit the game in the Ecumenical Temple.
             The game lasted 00:04:33 (380 turns).

Esekla the Covert (Octopode Delver)                  Turns: 380, Time: 00:04:34

Health: 20/37      AC:  1    Str: 11    XL:     5   Next: 51%
Magic:  6/7        EV: 13    Int: 14    God:
Gold:   36         SH:  0    Dex: 14    Spells: 6/6 levels left

rFire   . . .        a - +0 falchion
rCold   . . .        (no shield)
rNeg    . . .        (helmet restricted)
rPois   .            (no amulet)
rElec   .            (no ring)
rCorr   .            (no ring)
SInv    .            (no ring)
Will    .....        (no ring)
Stlth   +++++        (no ring)
HPRegen 0.26/turn    (no ring)
MPRegen 0.10/turn    (no ring)
                     (no ring)

%: no passive effects
@: no status effects
A: almost no armour, amphibious, 8 rings, camouflage 1, gelatinous body 1,
(nimble swimmer 1), tentacles
a: no special abilities


You were in the Ecumenical Temple.
You visited 2 branches of the dungeon, and saw 2 of its levels.

You collected 36 gold pieces.

Inventory:

Hand Weapons
 a - a +0 falchion (weapon)
Wands
 f - a wand of digging (3)
Scrolls
 b - a scroll of fog


   Skills:
 * Level 3.7 Fighting
 * Level 2.6 Long Blades
 * Level 2.6 Dodging
 + Level 8.2 Stealth
 * Level 1.4 Spellcasting


You had 6 spell levels left.
You didn't know any spells.
Your spell library was empty.

Dungeon Overview and Level Annotations

Branches:
Dungeon (5/15)             Temple (1/1) D:5

Altars:
Elyvilon
Kikubaaqudgha
Makhleb
Ru
Sif Muna
Trog
Uskayaw
Wu Jian
Xom
Yredelemnul
Zin
The Shining One

Annotations:
D:5 Dowan, Duvessa


Innate Abilities, Weirdness & Mutations

You cannot wear most types of armour.
You are amphibious.
You can wear up to eight rings at the same time.
Your skin changes colour to match your surroundings (Stealth+).
Your rubbery body absorbs attacks. (AC +1, EV +1)
((You are camouflaged when in or above water. (Stealth+)))
You have tentacles for arms and can constrict up to eight enemies at once.


Message History

There is an open door, spattered with blood here.
You see here 10 gold pieces.
You now have 25 gold pieces (gained 10).
The jelly jiggles.
The jelly jiggles.
An orc comes into view. It is wielding a +0 whip.
The orc shouts!
You hear a shout!
The orc moves out of view.
An orc comes into view. It is wielding a +0 flail.
You feel yourself speed up.
Duvessa, Sister of Dowan comes into view.
She is wielding a +0 rapier.
A hound comes into view.
Found a club.
Dowan, Brother of Duvessa comes into view.
He is wielding a +0 dagger.
A sleepcap comes into view.
There is an open door here.
You close the door.
There is an open door here.
Found 11 gold pieces.
There is an open door here.
There is an open door here.
There is an open door here.
You now have 36 gold pieces (gained 11).
Your extra speed is starting to run out.
There is an open door here.
The helpless orc priest fails to defend itself.
You hit the orc priest. You grab the orc priest. You squeeze the orc priest.
The orc priest is almost dead.
You constrict the orc priest.
The orc priest invokes the aid of Beogh against you.
Beogh smites you!
You hit the orc priest.
You kill the orc priest!
You feel yourself slow down.
There is a staircase to the Ecumenical Temple, spattered with blood here.
You see here a +0 hand axe.
You climb downwards.
Welcome to the Ecumenical Temple!
Found twelve altars.
There is a staircase back to the Dungeon here.
Are you sure you want to abandon this character and quit the game? (Confirm with "yes".)

#########
##.._._..##
##.........##
##_..≈≈.≈≈.._##
#....≈≈.≈≈....#
#_.≈≈.≈.≈.≈≈._#
#..≈≈≈...≈≈≈..#
#......@......#
#..≈≈≈...≈≈≈..#
#_.≈≈.≈.≈.≈≈._#
#....≈≈.≈≈....#
##_..≈≈.≈≈.._##
##.........##
##.._._..##
#########


There were no monsters in sight!

Vanquished Creatures
  Eustachio (D:5)
  An orc priest (D:5)
  An ufetubus (D:5)
3 creatures vanquished.

Notes
Turn   | Place    | Note
-------+----------+-------------------------------------------
     0 | D:5      | Esekla the Octopode Delver began the quest for the Orb.
     0 | D:5      | Reached XP level 1. HP: 16/16 MP: 1/1
    46 | D:5      | Noticed a black bear
    73 | D:5      | Found a staircase to the Ecumenical Temple.
    73 | D:5      | Noticed an orc priest
   124 | D:5      | Noticed Eustachio
   139 | D:5      | Noticed a jelly
   222 | D:5      | Killed Eustachio
   223 | D:5      | Reached skill level 8 in Stealth
   223 | D:5      | Reached skill level 1 in Spellcasting
   223 | D:5      | Reached XP level 2. HP: 7/22 MP: 1/3
   223 | D:5      | Reached XP level 3. HP: 9/27 MP: 1/4
   223 | D:5      | Reached XP level 4. HP: 11/33 MP: 1/5
   223 | D:5      | Reached XP level 5. HP: 13/37 MP: 1/6
   321 | D:5      | Noticed Duvessa
   328 | D:5      | Noticed Dowan
   379 | Temple   | Entered the Ecumenical Temple
   380 | Temple   | Quit the game

Illustrated notes

Levels and vault maps discovered:
D:5:      minmay_diamond_boxcup, layout_gridville,
          minmay_temple_entry_proselytizer, uniq_duvessa, uniq_blork_the_orc,
          uniq_pikel, uniq_eustachio
Temple:   nicolae_temple_no_exploring_needed

Skill      XL: |  1 |
---------------+----+-----
Stealth        | 8 |  8.2
Spellcasting   | 1 |  1.4
Fighting       | |  3.7
Long Blades    | |  2.6
Dodging        | |  2.6

Action                     |  1- 3 |  4- 6 || total
---------------------------+-------+-------++-------
  Melee: Falchion          |    14 |     2 ||    16
         Constrict         |     4 |     1 ||     5
         Tentacles         |     3 |     1 ||     4
    Use: Scroll            |     2 |       ||     2
         Potion            |       |     1 ||     1
   Stab: Sleeping          |       |     1 ||     1
  Dodge: Dodged            |     9 |       ||     9

Table legend: (Time is in decaauts)
 A = Elapsed time spent in this place.
 B = Non-inter-level travel time spent in this place.
 C = Inter-level travel time spent in this place.
 D = Time resting spent in this place.
 E = Time spent auto-exploring this place.
 F = Levels seen in this place.
 G = Mean time per level.
                   A        B        C        D        E       F      G
               +--------+--------+--------+--------+--------+-----+--------+
         Total |    363 |    363 |      0 |     95 |      0 |   2 |  181.5 |
       Dungeon |    362 |    362 |      0 |     95 |      0 |   1 |  362.0 |
        Temple |      0 |      0 |      0 |      0 |      0 |   1 |    0.0 |
               +--------+--------+--------+--------+--------+-----+--------+

Top non-repeatable levels by time:
     D:5: 362 daAuts
  Temple: 0 daAuts
